Map: Moonlight Madness LE (Void)

Players

wabbajack - Winner!

  • Race: Zerg Zerg
  • League: Silver

Propaganda

  • Race: Protoss Protoss
  • League: Gold

VOD

Have the link to the VOD?

Description

Time

  • Played on: July 16, 2015, 7:59 p.m.
  • Length: 4:58
Show
View Real Time Build Order
Export as new Build Order

wabbajack Zerg - Winner!

Build Orders: Pool First 

Get SALT Encoding   

  12  0:01  Drone  
  13  0:14  Overlord  
  13  0:17  Drone  
  14  0:22  Extractor  
  14  0:23  Drone  
  15  0:38  Drone x2  
  15  0:42  Extractor  
  16  0:50  Spawning Pool  
  16  0:52  Drone  
  16  1:00  Drone  
  17  1:10  Drone  
  18  1:26  Hatchery  
  17  1:37  Queen  
  19  1:44  Metabolic Boost  
  19  1:51  Overlord  
  19  1:55  Drone  
  19  1:59  Drone  
  21  2:18  Drone x2  
  23  2:25  Zergling x2  
  24  2:32  Pneumatized Carapace  
  24  2:38  Queen  
  24  2:42  Baneling Nest  
  25  2:50  Zergling x2  
  25  2:51  Zergling x2  
  27  2:53  Zergling x6  
  30  3:02  Drone x3  
  30  3:03  Drone  
  34  3:15  Roach Warren  
  33  3:23  Overlord  
  33  3:24  Overlord  
  33  3:28  Baneling x2  
  33  3:33  Baneling x2  
  33  3:44  Extractor  
  33  3:45  Drone x3  
  35  3:51  Drone x2  
  35  3:52  Drone  
Show
View Real Time Build Order
Export as new Build Order

Propaganda Protoss 

Build Orders: 1 Gate Expand 

Get SALT Encoding   

  12  0:01  Probe  
  13  0:14  Pylon  
  13  0:18  Probe  
  14  0:33  Probe (Chrono Boost)  
  15  0:36  Gateway  
  15  0:45  Probe (Chrono Boost)  
  16  1:10  Nexus  
  16  1:20  Assimilator  
  16  1:22  Assimilator  
  16  1:32  Cybernetics Core  
  16  1:34  Probe (Chrono Boost)  
  17  1:46  Probe (Chrono Boost)  
  18  1:52  Probe (Chrono Boost)  
  19  1:55  Pylon  
  19  2:03  Probe (Chrono Boost)  
  20  2:14  Robotics Facility  
  21  2:15  Probe  
  21  2:27  Probe  
  22  2:30  Probe  
  23  2:39  Probe  
  23  2:40  Warp Gate (Chrono Boost)  
  23  2:43  Probe  
  25  2:53  Gateway  
  25  2:55  Gateway  
  25  3:09  Immortal (Chrono Boost)  
  29  3:19  Probe x2  
  31  3:31  Probe x2  
  37  3:42  Immortal (Chrono Boost)  
  37  3:47  Probe x2  
  39  3:50  Pylon  
  39  4:00  Probe x2  
  43  4:07  Warp Prism (Chrono Boost)  
  43  4:12  Probe  
  43  4:13  Probe  
  45  4:24  Probe  
  35  4:43  Probe x2  
Tags
 
Add a new tag
Caveats
  • Supply blocks, unpowered buildings, or Contaminate may cause inaccurate times.
  • Supply counts are checked every 10 seconds.